 Dungeon Crawl Stone Soup version 0.29.0-4-gdea44cf6ec (webtiles) character file.

Game seed: 14651786535549493239

42 qw the Chopper (level 3, -4/29 HPs)
             Began as a Barachi Chaos Knight on Sept 6, 2022.
             Slain by Jessica
             ... wielding a +1 spectral club
              (6 damage)
             ... on level 2 of the Dungeon.
             The game lasted 00:00:35 (1654 turns).

qw the Chopper (Barachi Chaos Knight)               Turns: 1654, Time: 00:00:35

Health: -4/29      AC:  5    Str: 15    XL:     3   Next: 54%
Magic:  3/3        EV: 10    Int: 12    God:
Gold:   35         SH:  0    Dex: 11    Spells: 2/2 levels left

rFire   . . .      SeeInvis .   Y - +0 hand axe (chaos)
rCold   . . .      Faith    .   (no shield)
rNeg    . . .      Spirit   .   m - +0 ring mail
rPois   .          Reflect  .   (no helmet)
rElec   .          Harm     .   (no cloak)
rCorr   .          Rampage  .   (no gloves)
Will    .....                   (no boots)
Stlth   +.........              (no amulet)
HPRegen 0.09/turn               (no ring)
MPRegen 0.08/turn               (no ring)

@: slowed, very slow
A: amphibious, slowness 1, strong legs 1, +LOS
a: Hop


You were on level 2 of the Dungeon.
You visited 1 branch of the dungeon, and saw 2 of its levels.

You collected 87 gold pieces.
You spent 52 gold pieces at shops.


Innate Abilities, Weirdness & Mutations

You are amphibious.
You cover ground slowly.
You can hop short distances.
You have an extended range of vision and can be seen from far away.


   Skills:
 - Level 3.6 Fighting
 + Level 4.9 Axes
 - Level 2.4 Armour
 - Level 1.1 Dodging


You had 2 spell levels left.
You didn't know any spells.
Your spell library was empty.

Inventory:

Hand Weapons
 j - a +0 whip
 Y - a +0 hand axe of chaos (weapon)
Armour
 m - a +0 ring mail (worn)
Potions
 e - a potion of curing {unknown}
 f - a potion of berserk rage {unknown}
 g - a potion of lignification {unknown}
 h - a potion of might {unknown}
 k - a potion of haste
Miscellaneous
 c - a piece from Xom's chessboard (15/15)

Dungeon Overview and Level Annotations

Branches:
Dungeon (2/15)

Altars:

Shops:
D:1 [

Annotations:
D:2 Jessica


Message History

The grasping roots constrict you. The hobgoblin hits you.
You completely miss the hobgoblin.
The hobgoblin is heavily wounded.
You barely miss the bat. The bat hits you. The bat hits you but does no damage.
The hobgoblin barely misses you.
Jessica casts a spell.
Jessica blinks!
The grasping roots constrict you.
The grasping roots release their grip on you.
1645 ||| Stepping ~*~*~tactically~*~*~ (hiding).
The hobgoblin attacks as you move away! The hobgoblin closely misses you.
The bat hits you but does no damage.
You closely miss the hobgoblin.
The hobgoblin is heavily wounded.
The hobgoblin barely misses you.
You closely miss the hobgoblin.
The hobgoblin is heavily wounded.
The hobgoblin hits you.
You completely miss the hobgoblin.
The hobgoblin is heavily wounded.
The hobgoblin hits you but does no damage.
You closely miss the hobgoblin.
The hobgoblin is heavily wounded.
The hobgoblin closely misses you.
You hit the hobgoblin. You freeze the hobgoblin.
You kill the hobgoblin!
The bat closely misses you.
Your life force feels restored.
You closely miss the bat. The bat hits you but does no damage.
You closely miss Jessica.
Jessica hits you with a +1 spectral club.
You barely miss Jessica. Jessica gestures at you while chanting.
You feel yourself slow down.
You hit Jessica.
Jessica flickers and vanishes!
Deactivating autopickup; reactivate with Ctrl-A.
You hear some strange, mumbled words.
Pain shoots through your body! Something hits you.
You die...

##.######.# ###
#.# #.# #.# #.#
#.# #.#
#########.#
#b{@..%...#
........#########
......#ยค .....
#. #... #> ##. #.
# #@ #. ..


You could see a bat (berserk).

Vanquished Creatures
  2 dart slugs (D:1)
  3 ball pythons (D:1)
  3 endoplasms (D:1)
  3 goblins (D:1)
  8 hobgoblins
  4 jackals (D:1)
  3 kobolds (D:1)
  A quokka (D:1)
  2 frilled lizards (D:1)
  2 rats
31 creatures vanquished.

Notes
Turn   | Place    | Note
-------+----------+-------------------------------------------
     0 | D:1      | qw the Barachi Chaos Knight began the quest for the Orb.
     0 | D:1      | Reached XP level 1. HP: 18/18 MP: 1/1
     0 | D:1      | 0 ||| qw: Version: 0.1-a-108-g9e35731
     0 | D:1      | 0 ||| qw: Game counter: 6266
     0 | D:1      | 0 ||| qw: Always use a shield: true
     0 | D:1      | 0 ||| qw: God list: Okawaru
     0 | D:1      | 0 ||| qw: Allow faded altars: false
     0 | D:1      | 0 ||| qw: Do Orc after D:15 true
     0 | D:1      | 0 ||| qw: Do second Lair branch before Depths: true
     0 | D:1      | 0 ||| qw: Lair rune preference: random
     0 | D:1      | 0 ||| qw: Plans: Normal
     0 | D:1      | 0 ||| PLANNING D:1-11
     0 | D:1      | Fell from the grace of Xom
   116 | D:1      | Reached XP level 2. HP: 14/24 MP: 2/2
   118 | D:1      | Reached skill level 4 in Axes
   392 | D:1      | XOM: summons 2 hostile demons
   393 | D:1      | Noticed a smoke demon
   405 | D:1      | HP: 5/24 [something (2)]
   802 | D:1      | 802 ||| Stepping ~*~*~tactically~*~*~ (stealth).
   893 | D:1      | 893 ||| Stepping ~*~*~tactically~*~*~ (stealth).
   920 | D:1      | Reached XP level 3. HP: 20/29 MP: 3/3
  1049 | D:1      | XOM: summons 3 hostile shadow creatures
  1064 | D:1      | 1064 ||| DROPPING +0 club.
  1207 | D:1      | Found Ameod's Armour Emporium.
  1217 | D:1      | 1217 ||| BUYING +0 ring mail (52 gold).
  1217 | D:1      | Bought a +0 ring mail for 52 gold pieces
  1217 | D:1      | 1217 ||| SHOPLISTING +0 scale mail (52 gold, have 18).
  1217 | D:1      | 1217 ||| SHOPLISTING +11 ice dragon scales "Ostoasepn" {rF-
                  | rC++ Regen+ Str-2 Int-5 Slay+6} (1582 gold, have 18).
  1217 | D:1      | 1217 ||| SHOPLISTING +2 ring mail of cold resistance (273
                  | gold, have 18).
  1217 | D:1      | 1217 ||| SHOPLISTING scarf of repulsion (156 gold, have
                  | 18).
  1500 | D:1      | 1500 ||| UPGRADING to +0 ring mail.
  1510 | D:1      | 1510 ||| DROPPING +2 leather armour.
  1511 | D:1      | 1511 ||| READING 2 scrolls labelled JUHIFEIJUL.
  1512 | D:1      | 1512 ||| READING scroll labelled OHYN CIORAISOUN.
  1513 | D:1      | 1513 ||| READING scroll labelled GEYRUXKOMIG.
  1514 | D:1      | 1514 ||| DRINKING 2 sedimented dark potions.
  1515 | D:1      | 1515 ||| DROPPING scroll of immolation.
  1635 | D:2      | Noticed Jessica
  1645 | D:2      | 1645 ||| Stepping ~*~*~tactically~*~*~ (hiding).
  1654 | D:2      | HP: 2/29 [something/nerve-wracking pain (11)]
  1654 | D:2      | Slain by Jessica

Levels and vault maps discovered:
D:1:      matt_arrival_los_fun, layout_basic, serial_shops, nicolae_shop_crystal
D:2:      layout_loops_ring, basic_altar, shapermc_ecumenical_altar_petra,
          uniq_jessica

Skill      XL: |  1  2 |
---------------+-------+-----
Axes           | 4 |  4.9
Fighting       | |  3.6
Armour         | |  2.4
Dodging        | |  1.1

Action                   || total
-------------------------++-------
Melee: Hand axe          ||   118
       Punch             ||     1
Invok: Renounce Religion ||     1
  Use: Scroll            ||     3
       Potion            ||     1
 Stab: Paralysed         ||     1
Armor: Leather armour    ||    47
       Ring mail         ||    10
Dodge: Dodged            ||    97

Table legend:
 A = Non-vault XP
 B = Vault XP
 C = Vault XP percentage of total XP
 D = Non-vault monster count
 E = Vault monster count
 F = Vault count percentage of total count
                 A         B        C        D         E       F
            +---------+---------+-------+---------+---------+-------
      Total |      60 |       0 |   0.0 |      31 |       0 |   0.0
            +---------+---------+-------+---------+---------+-------
        D:1 |      55 |       0 |   0.0 |      28 |       0 |   0.0
        D:2 |       5 |       0 |   0.0 |       3 |       0 |   0.0
            +---------+---------+-------+---------+---------+-------
